 Dungeon Crawl Stone Soup version 0.17.1-3-g152610e (webtiles) character file.

34 Gargoyl the Skirmisher (level 3, 0/29 HPs)
             Began as a Demonspawn Abyssal Knight on Mar 9, 2016.
             Was a Follower of Lugonu.
             Slain by riffraff's ghost (1 damage)
             ... on level 3 of the Dungeon.
             The game lasted 00:03:33 (1844 turns).

Gargoyl the Skirmisher (Demonspawn Abyssal Knight)  Turns: 1844, Time: 00:03:33

Health: 0/29       AC: 11    Str: 13      XL:     3   Next: 14%
Magic:  5/5        EV:  9    Int: 13      God:    Lugonu [*.....]
Gold:   67         SH:  0    Dex: 11 (12) Spells: 0 memorised, 2 levels left

rFire  . . .     SeeInvis +     a - +1 spear
rCold  . . .     Clarity  .     d - +5 scale mail of Context {SInv}
rNeg   . . .     SustAt   .     (no shield)
rPois  .         Gourm    .     (no helmet)
rElec  .         Spirit   .     (no cloak)
rCorr  .         Warding  .     (no gloves)
rMut   .         Stasis   .     (no boots)
MR     .....                    (no amulet)
Stlth  ..........               (no ring)
                                (no ring)

@: not resistant to hostile enchantments, extremely unstealthy
A: demonic guardian 1, rot immunity
a: Depart the Abyss, Renounce Religion


You were on level 3 of the Dungeon.
You worshipped Lugonu.
Lugonu was aware of your devotion.
You were very hungry.

You visited 1 branch of the dungeon, and saw 3 of its levels.
You visited the Abyss 1 time.

You collected 67 gold pieces.

Inventory:

Hand Weapons
 a - a +1 spear (weapon)
Missiles
 k - 5 javelins (quivered)
Armour
 b - a +0 leather armour
 d - the +5 scale mail of Context (worn) {SInv}
   (You found it on level 2 of the Abyss)

   It lets you see invisible.
Scrolls
 e - a scroll of enchant weapon {unknown}
 j - 2 scrolls of fear {unknown}
 m - a scroll of teleportation {unknown}
 n - 2 scrolls of remove curse {unknown}
 p - a scroll of identify {unknown}
Potions
 h - a potion of heal wounds {unknown}
 i - 2 potions of curing {unknown}
 l - a potion of degeneration {unknown}
 q - a potion of cancellation {unknown}
Miscellaneous
 g - a lamp of fire
Comestibles
 c - 4 bread rations
 f - a meat ration
 o - 2 fruits


   Skills:
 + Level 3.4 Fighting
 + Level 2.1 Polearms
 + Level 2.1 Armour
 + Level 1.0 Dodging
 + Level 3.2 Invocations


You had 2 spell levels left.
You didn't know any spells.

Dungeon Overview and Level Annotations

Branches:
Dungeon (3/15)

Altars:

Annotations:
D:3 riffraff's ghost, amateur GrFi


Innate Abilities, Weirdness & Mutations

A weak demonic guardian rushes to your aid.
You are immune to rotting.


Message History

You hit riffraff's ghost but do no damage.
Riffraff's ghost is severely damaged.
Riffraff's ghost closely misses you.
You hit riffraff's ghost.
Riffraff's ghost is almost destroyed.
Riffraff's ghost hits you but does no damage.
You hit riffraff's ghost.
Riffraff's ghost is almost destroyed.
Riffraff's ghost hits you.
* * * LOW HITPOINT WARNING * * *
Riffraff's ghost burns you.
* * * LOW HITPOINT WARNING * * *
Your crimson imp hits riffraff's ghost but does no damage.
You catch the helpless riffraff's ghost momentarily off-guard.
You hit riffraff's ghost but do no damage.
Riffraff's ghost is almost destroyed.
Riffraff's ghost hits you.
* * * LOW HITPOINT WARNING * * *
Riffraff's ghost burns you.
You die...

... #.# #.#
...######.####
.............#
######.#.##.....
#<#†# ##.
#.#W##.###.
#.#@5.....?
#.####.#### #.#
.# #.# .# #.# #
#.#


You could see riffraff's ghost and a friendly crimson imp.

Vanquished Creatures
  An adder (D:3)
  2 giant geckos
  4 bats
  A giant cockroach (D:1)
  4 goblins
  3 hobgoblins (D:1)
  A quokka (D:2)
  A giant newt (D:3)
  3 kobolds
  5 rats
25 creatures vanquished.

Notes
Turn   | Place    | Note
--------------------------------------------------------------
     0 | Abyss:1  | Gargoyl the Demonspawn Abyssal Knight began the quest for the Orb.
     0 | Abyss:1  | Reached XP level 1. HP: 18/18 MP: 2/2
    57 | Abyss:1  | Noticed a ynoxinul
    60 | Abyss:1  | Noticed a rakshasa
    72 | Abyss:2  | Got an ichor-stained scale mail
    83 | Abyss:2  | Identified the +5 scale mail of Context {SInv} (You found it on level 2 of the Abyss)
   100 | Abyss:2  | Found a shimmering altar of Xom.
   107 | Abyss:2  | Found a shimmering altar of Xom.
   109 | Abyss:2  | Found a shimmering altar of Xom.
   109 | Abyss:2  | Found a shimmering altar of Xom.
   110 | Abyss:2  | Found a shimmering altar of Xom.
   110 | Abyss:2  | Found a corrupted altar of Lugonu.
   110 | Abyss:2  | Found a shimmering altar of Xom.
   110 | Abyss:2  | Found a shimmering altar of Xom.
   110 | Abyss:2  | Found a shimmering altar of Xom.
   111 | Abyss:2  | Found a shimmering altar of Xom.
   111 | Abyss:2  | Found a shimmering altar of Xom.
   111 | Abyss:2  | Found a shimmering altar of Xom.
   112 | Abyss:2  | Found a shimmering altar of Xom.
   112 | Abyss:2  | Found a shimmering altar of Xom.
   127 | Abyss:2  | Found a shimmering altar of Xom.
   136 | Abyss:2  | Noticed a tentacled starspawn
   139 | Abyss:2  | Noticed a quasit
   141 | D:1      | Escaped the Abyss
   417 | D:1      | Reached * piety under Lugonu
   558 | D:1      | Gained mutation: A weak demonic guardian rushes to your aid. [demonic ancestry]
   558 | D:1      | Reached XP level 2. HP: 24/24 MP: 4/4
  1812 | D:3      | Reached skill level 1 in Dodging
  1813 | D:3      | Noticed riffraff's ghost (amateur GrFi)
  1818 | D:3      | Gained mutation: You are immune to rotting. [demonic ancestry]
  1818 | D:3      | Reached XP level 3. HP: 29/29 MP: 5/5
  1844 | D:3      | HP: 1/29 [riffraff's ghost (1)]
  1844 | D:3      | Slain by riffraff's ghost

Action                   || total
-------------------------++-------
Melee: Spear             ||   103
Invok: Depart the Abyss  ||     1
 Stab: Distracted        ||     4
  Eat: Chunk             ||     2
